 Dungeon Crawl Stone Soup version 0.19.0-24-gb05acd6 (webtiles) character file.

22 yokaiofthedice the Firebug (level 2, 0/19 HPs)
             Began as a Mummy Fire Elementalist on Nov 21, 2016.
             Slain by a dart slug (2 damage)
             ... on level 2 of the Dungeon.
             The game lasted 00:06:00 (1036 turns).

yokaiofthedice the Firebug (MuFE)                   Turns: 1036, Time: 00:06:01

Health: 0/19       AC:  3    Str: 11    XL:     2   Next: 68%
Magic:  0/5        EV: 12    Int: 14    God:
Gold:   65         SH:  0    Dex: 12    Spells: 1 memorised, 4 levels left

rFire  x . .     SeeInvis .     c - +0 mace
rCold  + . .     Gourm    .     e - +0 robe (curse)
rNeg   + + +     Faith    .     (no shield)
rPois  ∞         Spirit   .     h - +0 helmet
rElec  .         Reflect  .     (no cloak)
rCorr  .         Harm     .     (no gloves)
MR     .....                    (no boots)
Stlth  ++........               (no amulet)
                                (no ring)
                                (no ring)

@: no status effects
A: no food or potions, fire vulnerability, cold resistance 1, negative energy
resistance 3, torment resistance, unbreathing
a: no special abilities


You were on level 2 of the Dungeon.
You were not hungry.

You visited 1 branch of the dungeon, and saw 2 of its levels.

You collected 65 gold pieces.

Inventory:

Hand Weapons
 c - a +0 mace (weapon)
Armour
 a - a +0 robe
 e - a cursed +0 robe (worn)
 h - a +0 helmet (worn)
Scrolls
 d - a scroll of identify {unknown}
 f - a scroll of enchant armour {unknown}
 g - a scroll of recharging {unknown}
 i - a scroll of magic mapping {unknown}
Books
 b - a book of Flames

   Spells                             Type                      Level
   a - Flame Tongue                   Conjuration/Fire             1
   b - Throw Flame                    Conjuration/Fire             2
   c - Conjure Flame                  Conjuration/Fire             3
   d - Inner Flame                    Hexes/Fire                   3
   e - Sticky Flame                   Conjuration/Fire             4
   f - Fireball                       Conjuration/Fire             5


   Skills:
 + Level 0.1 Maces & Flails
 + Level 1.7 Dodging
 + Level 1.5 Stealth
 + Level 2.3 Spellcasting
 + Level 1.0 Conjurations
 + Level 2.8 Fire Magic


You had 4 spell levels left.
You knew the following spells:

 Your Spells              Type           Power        Failure   Level  Hunger
a - Flame Tongue          Conj/Fire      #....        12%         1    N/A

Dungeon Overview and Level Annotations

Branches:
Dungeon (1/15)

Altars:
Trog


Innate Abilities, Weirdness & Mutations

You do not eat or drink.
Your flesh is vulnerable to fire.
You are immune to poison.
Your flesh is cold resistant. (rC+)
You are immune to negative energy. (rN+++)
You are immune to unholy pain and torment.
You can survive without breathing.


Message History

The dart slug launches a dart at you. The slug dart hits you!
* * * LOW HITPOINT WARNING * * *
You start resting.
Casting: Flame Tongue
Confirm with . or Enter, or press ? or * to list all spells.
Aiming: Flame Tongue
Press: ? - help, Shift-Dir - straight line, f - dart slug
Aim: a dart slug (clinging)
The flame tongue hits the dart slug.
The dart slug is heavily wounded.
Casting: Flame Tongue
Confirm with . or Enter, or press ? or * to list all spells.
You don't have enough magic to cast that spell.
Unknown command.
The dart slug bites you but does no damage.
You hit the dart slug but do no damage.
The dart slug is heavily wounded.
The dart slug bites you.
You die...

#.### #...# #.###
#...# #...# ###.#
#.# #.# #.# ###
#.####.# #@##...#
#w##.###
#g.#.#############
##...wg†w.........
###...###########..
#.......... ..#
#.######### ####
###


You could see a dart slug and a goblin.

Vanquished Creatures
  An adder (D:2)
  A worm (D:2)
  A giant cockroach (D:2)
  A goblin (D:2)
  A hobgoblin (D:2)
  2 bats (D:2)
  2 kobolds (D:2)
  2 rats (D:2)
11 creatures vanquished.

Notes
Turn   | Place    | Note
-------+----------+-------------------------------------------
     0 | D:1      | yokaiofthedice the Mummy Fire Elementalist began the quest for the Orb.
     0 | D:1      | Reached XP level 1. HP: 13/13 MP: 3/3
    39 | D:1      | You fall through a shaft!
   887 | D:2      | Reached XP level 2. HP: 19/19 MP: 0/5
   994 | D:2      | Found a bloodstained altar of Trog.
  1022 | D:2      | Reached skill level 1 in Conjurations
  1036 | D:2      | Slain by a dart slug

Skill      XL: |  1  2 |
---------------+-------+-----
Conjurations   | 1 |  1.0
Maces & Flails | |  0.1
Dodging        | |  1.7
Stealth        | |  1.5
Spellcasting   | |  2.3
Fire Magic     | |  2.8

Action                   || total
-------------------------++-------
Melee: Mace              ||    15
 Cast: Flame Tongue      ||    20
  Use: Scroll            ||     1
Armor: Robe              ||     8
Dodge: Dodged            ||    26
